 Dungeon Crawl Stone Soup version 0.27-a0-830-ga1c911b16d (webtiles) character file.

Game seed: 6289160237618475814

1487 LabCoat the Cleaver (level 8, -4/69 HPs)
             Began as a Hill Orc Fighter on Mar 31, 2021.
             Slain by an orc warrior
             ... wielding a +0 mace
              (9 damage)
             ... on level 6 of the Dungeon.
             The game lasted 00:13:54 (5561 turns).

LabCoat the Cleaver (Hill Orc Fighter)              Turns: 5561, Time: 00:13:56

Health: -4/69      AC: 12    Str: 21    XL:     8   Next: 80%
Magic:  8/8        EV:  6    Int:  8    God:
Gold:   265        SH: 10    Dex: 10    Spells: 7/7 levels left

rFire    . . .     SeeInvis .   a - +0 war axe
rCold    . . .     Faith    .   c - +0 kite shield
rNeg     . . .     Spirit   .   u - +0 chain mail
rPois    +         Reflect  .   (no helmet)
rElec    .         Harm     .   (no cloak)
rCorr    .         Rampage  .   n - +0 pair of gloves
Will     .....                  g - +0 pair of boots
Stlth    ..........             (no amulet)
HPRegen  0.21/turn              b - ring of poison resistance
MPRegen  0.11/turn              (no ring)

@: mighty
A: no striking features
a: no special abilities


You were on level 6 of the Dungeon.
You visited 1 branch of the dungeon, and saw 6 of its levels.

You collected 265 gold pieces.

Inventory:

Hand Weapons
 a - a +0 war axe (weapon)
 v - a +1 mace of draining
Missiles
 k - 9 boomerangs (quivered)
Armour
 c - a +0 kite shield (worn)
 g - a +0 pair of boots (worn)
 n - a +0 pair of gloves (worn)
 u - a +0 chain mail (worn)
Jewellery
 b - a ring of poison resistance (left hand)
 p - a ring of wizardry
Wands
 t - a wand of iceblast (10)
Scrolls
 e - a scroll of acquirement {unknown}
 l - 2 scrolls of magic mapping {unknown}
 m - a scroll of amnesia {unknown}
 o - a scroll of fog {unknown}
 q - 3 scrolls of teleportation {unknown}
 r - 3 scrolls of enchant armour {unknown}
Potions
 f - 4 potions of flight
 i - 3 potions of brilliance
 j - a potion of curing


   Skills:
 + Level 5.4 Fighting
 * Level 10.7 Axes
 + Level 1.5 Throwing
 + Level 5.6 Armour
 + Level 5.3 Shields


You had 7 spell levels left.
You didn't know any spells.
Your spell library contained the following spells:

 Spells                   Type           Power      Damage    Failure   Level
 Corona                   Hex            0%         N/A       100%        1
 Magic Dart               Conj           0%         1d3       100%        1
 Blink                    Tloc           N/A        N/A       100%        2
 Call Imp                 Summ           0%         N/A       100%        2
 Ensorcelled Hibernation  Hex/Ice        0%         N/A       100%        2
 Slow                     Hex            0%         N/A       100%        2
 Confusing Touch          Hex            0%         N/A       100%        3
 Conjure Flame            Conj/Fire      0%         6-21      100%        3
 Dazzling Flash           Conj/Hex       0%         N/A       100%        3
 Mephitic Cloud           Conj/Pois/Air  0%         N/A       100%        3
 Tukima's Dance           Hex            0%         N/A       100%        3


Dungeon Overview and Level Annotations

Branches:
Dungeon (6/15)             Temple (0/1) D:6

Altars:

Shops:
D:1 [

Annotations:
D:6 2 runed translucent doors, polve's ghost, novice VSFi


Message History

The orc warrior hits you with a +0 mace.
Grinder blinks!
You barely miss the orc. You closely miss the orc.
You hit the orc warrior but do no damage.
You block the orc's attack. The orc hits you but does no damage.
You block the orc warrior's attack.
You slice the orc!!
You kill the orc!
Your shield and chain mail prevent you from hitting the orc.
You hit Grinder. You closely miss the orc warrior.
The orc hits you but does no damage.
The orc warrior hits you with a +0 mace.
You block Grinder's attack. You block the orc priest's attack.
You slice the orc priest!!
You kill the orc priest!
You slice the orc!!
You kill the orc!
You slash Grinder! You slash the orc warrior!
The orc warrior hits you with a +0 mace!
* * * LOW HITPOINT WARNING * * *
Grinder hits you but does no damage.
Your shield prevents you from hitting the orc.
You hit the orc warrior. You slash Grinder! You block the orc's attack.
The orc warrior hits you but does no damage.
Grinder hits you.
* * * LOW HITPOINT WARNING * * *
You writhe in agony.
* * * LOW HITPOINT WARNING * * *
The orc hits you with a +0 short sword.
* * * LOW HITPOINT WARNING * * *
The orc warrior hits you with a +0 mace.
* * * LOW HITPOINT WARNING * * *
You closely miss the orc warrior.
The orc warrior is heavily wounded.
You slash Grinder!
You kill Grinder!
You barely miss the orc. The orc hits you with a +0 short sword.
* * * LOW HITPOINT WARNING * * *
The orc warrior hits you with a +0 mace!
You die...

## #..# ####..####.
[... ..†......$..
.... ####..####..
#..## #. ##....# ..
...## .. ##.##.###.
.. ....#.#
#...#..... #. #Z#..
.......... #Z###oo##
#..>#####. ..##@).##
##†## #.###.##.!..#
#.######.#...#..>.##
#.....?.....#.....#
#>.######.#...##...#
#..# #.#..## #....#
#..######...## ...##
#...........# ...#
##.#######.#...#
.....


You could see an orc warrior, an orc and a bullfrog skeleton.

Vanquished Creatures
  Grinder (D:6)
  Sigmund (D:4)
  A water moccasin (D:6)
  2 black bears (D:6)
  A sky beast (D:5)
  A necrophage (D:6)
  An ogre (D:4)
  2 centaurs
  Blork the orc (D:6)
  2 hounds
  2 bullfrog skeletons (D:5)
  2 centaur skeletons
  An orc priest (D:6)
  3 iguanas (D:5)
  2 orc wizards (D:5)
  A hound skeleton (D:4)
  7 adders
  3 white imps
  2 ufetubi (D:4)
  2 adder skeletons
  2 worms
  11 orcs
  9 bats
  11 endoplasms
  2 giant cockroaches
  9 goblins
  9 hobgoblins
  14 jackals
  5 kobolds
  3 quokkas
  7 ball pythons
  7 frilled lizards
  5 rats
132 creatures vanquished.

Notes
Turn   | Place    | Note
-------+----------+-------------------------------------------
     0 | D:1      | LabCoat the Hill Orc Fighter began the quest for the Orb.
     0 | D:1      | Reached XP level 1. HP: 19/19 MP: 1/1
   149 | D:1      | Found Nemoj's Antique Armour Emporium.
   154 | D:1      | Reached XP level 2. HP: 26/27 MP: 2/2
   155 | D:1      | Reached skill level 3 in Axes
   551 | D:1      | Reached XP level 3. HP: 29/33 MP: 3/3
  1199 | D:2      | Reached skill level 4 in Axes
  1648 | D:2      | Reached XP level 4. HP: 40/40 MP: 4/4
  2457 | D:3      | Reached skill level 5 in Axes
  3005 | D:4      | Noticed Sigmund
  3018 | D:4      | Killed Sigmund
  3019 | D:4      | Reached skill level 6 in Axes
  3019 | D:4      | Reached XP level 5. HP: 8/47 MP: 5/5
  3019 | D:4      | Reached XP level 6. HP: 9/53 MP: 6/6
  3808 | D:4      | Reached skill level 7 in Axes
  3972 | D:4      | Reached XP level 7. HP: 54/60 MP: 7/7
  4269 | D:5      | Entered Level 5 of the Dungeon
  4525 | D:5      | Reached skill level 8 in Axes
  4801 | D:5      | Reached skill level 5 in Armour
  5121 | D:5      | Reached skill level 1 in Throwing
  5227 | D:5      | Reached skill level 5 in Fighting
  5227 | D:5      | Reached skill level 9 in Axes
  5227 | D:5      | Reached XP level 8. HP: 66/68 MP: 8/8
  5401 | D:6      | Noticed Blork the orc
  5412 | D:6      | Killed Blork the orc
  5424 | D:6      | Reached skill level 10 in Axes
  5424 | D:6      | Reached skill level 5 in Shields
  5492 | D:6      | Found a runed translucent gate.
  5492 | D:6      | Found a runed translucent gate.
  5492 | D:6      | Noticed polve's ghost (novice VSFi)
  5540 | D:6      | Found a staircase to the Ecumenical Temple.
  5549 | D:6      | Noticed Grinder
  5561 | D:6      | Killed Grinder
  5561 | D:6      | Slain by an orc warrior

Illustrated notes

Levels and vault maps discovered:
D:1:      scummos_arrival_star, layout_loops_corners, serial_shops,
          shop_fountains, minmay_tromino_v7
D:2:      layout_basic
D:3:      layout_loops_cross
D:4:      minmay_bubble_buster, layout_loops_ring, uniq_sigmund
D:5:      layout_basic
D:6:      layout_loops_ring, minmay_temple_entry_wispy,
          gammafunk_ghost_nasty_kobolds, cheibrodos_sewer_entry_bend,
          uniq_grinder, uniq_blork_the_orc, uniq_pikel

Skill      XL: |  1  2  3  4  5  6  7  8 |
---------------+-------------------------+-----
Axes           | 3 4 6 7 9 10 | 10.7
Fighting       | 4 5 |  5.4
Armour         | 4 5 |  5.6
Shields        | 4 5 |  5.3
Throwing       | 1 |  1.5

Action                   |  1- 3 |  4- 6 |  7- 9 || total
-------------------------+-------+-------+-------++-------
Melee: War axe           |   117 |   118 |   247 ||   482
Throw: Boomerang         |       |    11 |    23 ||    34
  Use: Scroll            |     2 |       |     4 ||     6
       Potion            |       |     2 |     3 ||     5
Armor: Scale mail        |    53 |    39 |       ||    92
       Chain mail        |       |    11 |   184 ||   195
Dodge: Dodged            |    35 |    47 |    58 ||   140
Block: Kite shield       |    68 |    73 |   157 ||   298

Table legend: (Time is in decaauts)
 A = Elapsed time spent in this place.
 B = Non-inter-level travel time spent in this place.
 C = Inter-level travel time spent in this place.
 D = Time resting spent in this place.
 E = Time spent auto-exploring this place.
 F = Levels seen in this place.
 G = Mean time per level.
                   A        B        C        D        E       F      G
               +--------+--------+--------+--------+--------+-----+--------+
         Total |   5763 |   5608 |    155 |   1245 |   3127 |   6 |  960.5 |
       Dungeon |   5763 |   5608 |    155 |   1245 |   3127 |   6 |  960.5 |
               +--------+--------+--------+--------+--------+-----+--------+

Top non-repeatable levels by time:
     D:4: 1355 daAuts
     D:1: 1179 daAuts
     D:2: 1141 daAuts
     D:5: 1032 daAuts
     D:3: 727 daAuts
     D:6: 325 daAuts
